 Dungeon Crawl Stone Soup version 0.29.1-1-gd02db6906a (webtiles) character file.

Game seed: 4672091438047568902

4 MisterFreud the Twirler (level 1, 0/16 HPs)
             Began as a Formicid Gladiator on Oct 6, 2022.
             Slain by a quokka (2 damage)
             ... on level 1 of the Dungeon.
             The game lasted 00:00:18 (148 turns).

MisterFreud the Twirler (Formicid Gladiator)         Turns: 148, Time: 00:00:19

Health: 0/16       AC:  3    Str: 18    XL:     1   Next: 77%
Magic:  1/1        EV: 12    Int:  7    God:
Gold:   0          SH:  0    Dex: 15    Spells: 0/0 levels left

rFire   . . .      SeeInvis +   a - +0 quarterstaff
rCold   . . .      Faith    .   (no shield)
rNeg    . . .      Spirit   .   b - +0 leather armour
rPois   .          Reflect  .   (helmet unavailable)
rElec   .          Harm     .   (no cloak)
rCorr   .          Rampage  .   (no gloves)
Will    .....                   (no boots)
Stlth   +.........              (no amulet)
HPRegen 0.05/turn               (no ring)
MPRegen 0.07/turn               (no ring)

@: no status effects
A: permanent stasis, dig shafts and tunnels, antennae 3, four strong arms
a: Dig, Shaft Self


You were on level 1 of the Dungeon.
You visited 1 branch of the dungeon, and saw 1 of its levels.

Inventory:

Hand Weapons
 a - a +0 quarterstaff (weapon)
Missiles
 c - 3 throwing nets (quivered)
 d - a javelin
Armour
 b - a +0 leather armour (worn)
Potions
 e - a potion of heal wounds {unknown}


   Skills:
 - Level 2.1 Fighting
 + Level 3.3 Staves
 - Level 2.0 Throwing
 - Level 2.6 Dodging


You couldn't memorise any spells.
You didn't know any spells.
Your spell library was empty.

Dungeon Overview and Level Annotations

Branches:
Dungeon (1/15)

Altars:


Innate Abilities, Weirdness & Mutations

You cannot be hasted, slowed, berserked, paralysed or teleported.
You can dig through walls and to a lower floor.
You have a pair of large antennae on your head. (SInv)
Your four strong arms can wield two-handed weapons with a shield.


Message History

You hit the ball python.
You kill the ball python!
The quokka bites you. x2; The quokka closely misses you.
The quokka closely misses you.
You hit the quokka but do no damage. The quokka closely misses you. x2
The quokka bites you but does no damage.
You sock the quokka!
You kill the quokka!
The quokka splashes around in the water.
The quokka bites you but does no damage. x2
The quokka misses you.
The quokka splashes around in the water.
You see here a quokka corpse.
You closely miss the quokka. The quokka barely misses you.
The quokka splashes around in the water.
The quokka closely misses you.
You closely miss the quokka. The quokka misses you. The quokka bites you.
The quokka splashes around in the water.
You are too injured to fight recklessly!
You are too injured to fight recklessly!
You hit the quokka but do no damage.
The quokka splashes around in the water.
The quokka barely misses you.
You hit the quokka but do no damage. The quokka misses you.
The quokka closely misses you. The quokka bites you. x2
* * * LOW HITPOINT WARNING * * *
You barely miss the quokka.
The quokka splashes around in the water.
The quokka closely misses you.
You barely miss the quokka.
The quokka bites you but does no damage.
The quokka closely misses you. x2
You barely miss the quokka. The quokka closely misses you.
The quokka barely misses you. The quokka closely misses you.
You hit the quokka but do no damage.
The quokka splashes around in the water.
The quokka barely misses you.
You barely miss the quokka. The quokka closely misses you. x2
The quokka misses you. The quokka bites you.
You die...

...⌠..!⌠...⌠..
#.~.~.~.~.~.~.
#....⌠...⌠...⌠.
#.~.~.~.~.~.~.~
##.⌠...⌠...⌠...
#.~.~.~.~.~.~.~
########....⌠...⌠...⌠.
.....#...~.~@r.~.~.~.~
..........⌠..r⌠...⌠...
..........~.~.~.~.~.~
#...........$......
#.......?......... .
#...............).
..####......##...######
...........####..#
...........##.##.#


You could see 2 quokkas.

Vanquished Creatures
  An endoplasm (D:1)
  A giant cockroach (D:1)
  A quokka (D:1)
  A ball python (D:1)
4 creatures vanquished.

Notes
Turn   | Place    | Note
-------+----------+-------------------------------------------
     0 | D:1      | MisterFreud the Formicid Gladiator began the quest for the
                  | Orb.
     0 | D:1      | Reached XP level 1. HP: 16/16 MP: 1/1
   148 | D:1      | Slain by a quokka

Illustrated notes

Levels and vault maps discovered:
D:1:      erik_arrival_blinker_ship, layout_rooms, kennysheep_crisscross,
          minmay_split_cup_large

Action                   || total
-------------------------++-------
Melee: Quarterstaff      ||    17
Armor: Leather armour    ||     5
Dodge: Dodged            ||    28
